 Dungeon Crawl Stone Soup version 0.28.0 (webtiles) character file.

Game seed: 16581689418530418615

114452 Hasart the Carver (level 15, 0/126 HPs)
             Began as a Demigod Fighter on Feb 13, 2022.
             Slain by a spark wasp (16 damage)
             ... on level 2 of the Spider Nest.
             The game lasted 01:45:31 (37570 turns).

Hasart the Carver (Demigod Fighter)                Turns: 37570, Time: 01:45:32

Health: 0/126      AC: 22    Str: 25    XL:     15   Next: 68%
Magic:  26/26      EV: 13    Int: 14    God:
Gold:   1263       SH: 14    Dex: 27    Spells: 21/23 levels left

rFire   + . .      SeeInvis .   t - +3 long sword (holy)
rCold   + . .      Faith    .   c - +0 kite shield
rNeg    + . .      Spirit   .   U - +3 plate armour {rN+}
rPois   +          Reflect  .   a - +1 hat of Linacleh {Will+ rCorr Slay+4}
rElec   .          Harm     .   (no cloak)
rCorr   +          Rampage  .   S - +1 pair of gloves of Forking Paths {rF+ rC+}
Will    ++...                   k - +0 pair of boots
Stlth   ..........              L - amulet of regeneration
HPRegen 1.11/turn               y - ring of poison resistance
MPRegen 0.20/turn               i - +6 ring of dexterity

@: no status effects
A: high MP 1, forlorn, divine attributes
a: no special abilities


You were on level 2 of the Spider Nest.
You visited 4 branches of the dungeon, and saw 25 of its levels.
You also visited: Sewer, Gauntlet and Volcano.

You collected 2385 gold pieces.
You spent 1122 gold pieces at shops.

Inventory:

Hand Weapons
 t - a +3 long sword of holy wrath (weapon)
 I - a +3 long sword
Missiles
 j - 3 throwing nets
 o - 20 poisoned darts (quivered)
 s - a curare-tipped dart
 w - 18 javelins
 Z - 5 silver boomerangs
Armour
 a - the +1 hat of Linacleh (worn) {Will+ rCorr Slay+4}
   (You acquired it on level 10 of the Dungeon)

   Slay:      It affects your accuracy & damage with ranged weapons and melee
   (+4).
   rCorr:     It protects you from acid and corrosion.
   Will:      It increases your willpower.
 c - a +0 kite shield (worn)
 k - a +0 pair of boots (worn)
 u - +0 fire dragon scales
 v - a +2 chain mail of fire resistance
 B - a +0 tower shield
 S - the +1 pair of gloves of Forking Paths (worn) {rF+ rC+}
   (You found it on level 3 of the Lair of Beasts)

   rF:        It protects you from fire.
   rC:        It protects you from cold.
 U - a +3 plate armour of positive energy (worn)
Jewellery
 f - the ring of Yvusch Loemme {rC+ Dex+4}
   (You took it off a minotaur in a Gauntlet)

   [ring of protection from cold]

   Dex:       It affects your dexterity (+4).
   rC:        It protects you from cold.
 i - a +6 ring of dexterity (right hand)
 y - a ring of poison resistance (left hand)
 G - the ring of Pride {Fire Str+5}
   (You found it in a Gauntlet)

   [ring of fire]

   It enhances your fire magic.
   Str:       It affects your strength (+5).
   rF:        It protects you from fire.
   rC:        It makes you vulnerable to cold.
 L - an amulet of regeneration (around neck)
 R - a ring of protection from fire
 T - the ring of Haxevek {*Slow rPois rF- rC++ Dex+6 SInv}
   (You found it in a Gauntlet)

   [ring of dexterity]

   Dex:       It affects your dexterity (+6).
   rF:        It makes you vulnerable to fire.
   rC:        It greatly protects you from cold.
   rPois:     It protects you from poison.
   SInv:      It lets you see invisible.
   *Slow:     It may slow you when you take damage.
 V - a ring of protection from cold
 Y - a ring of see invisible
Wands
 d - a wand of flame (6)
 p - a wand of acid (8)
 H - a wand of digging (16)
Scrolls
 g - 6 scrolls of teleportation
 l - 4 scrolls of enchant armour
 C - a scroll of amnesia
 E - 2 scrolls of fog
 J - 3 scrolls of identify
 K - 2 scrolls of magic mapping
 M - a scroll of blinking
 N - a scroll of enchant weapon
 Q - a scroll of fear
Potions
 b - 7 potions of magic
 e - 8 potions of curing
 h - 3 potions of cancellation
 m - 4 potions of haste
 n - 5 potions of flight
 q - 8 potions of mutation
 r - 2 potions of might
 x - 3 potions of resistance
 z - 2 potions of lignification
 A - 3 potions of berserk rage
 O - 3 potions of heal wounds
 P - 2 potions of invisibility
Miscellaneous
 F - a lightning rod (4/4)
 W - a condenser vane
 X - a phial of floods (inert)


   Skills:
 + Level 10.0 Fighting
 * Level 13.6 Long Blades
 + Level 9.2 Throwing
 + Level 10.0 Armour
 + Level 9.5 Dodging
 + Level 10.1 Shields
 + Level 4.6 Spellcasting
 + Level 4.9 Transmutations
 + Level 9.2 Evocations


You had 21 spell levels left.
You knew the following spells:

 Your Spells              Type           Power      Damage    Failure   Level
a - Wereblood             Tmut           17%        N/A       63%         2

Your spell library contained the following spells:

 Spells                   Type           Power      Damage    Failure   Level
 Beastly Appendage        Tmut           34%        N/A       50%         1
 Animate Skeleton         Necr           6%         N/A       99%         1
 Pain                     Necr           12%        1d4       99%         1
 Spider Form              Tmut/Pois      10%        N/A       99%         3
 Scorch                   Fire           6%         2d5       100%        2
 Tukima's Dance           Hex            3%         N/A       100%        3
 Vampiric Draining        Necr           3%         2d6       100%        3
 Airstrike                Air            1%         N/A       100%        4
 Flame Wave               Conj/Fire      3%         2d4       100%        4
 Passage of Golubria      Tloc           3%         N/A       100%        4
 Summon Lightning Spire   Summ/Air       3%         N/A       100%        4
 Alistair's Intoxication  Tmut/Pois      6%         N/A       100%        5
 Borgnjor's Vile Clutch   Necr/Erth      1%         N/A       100%        5
 Lightning Bolt           Conj/Air       1%         1d12      100%        5
 Yara's Violent Unravell  Hex/Tmut       5%         3d4       100%        5
 Eringya's Noxious Bog    Tmut/Pois      5%         N/A       100%        6
 Summon Cactus Giant      Summ           1%         N/A       100%        6
 Malign Gateway           Summ/Tloc      1%         N/A       100%        7
 Summon Horrible Things   Summ           1%         N/A       100%        8


Dungeon Overview and Level Annotations

Branches:
Dungeon (15/15)            Temple (0/1) D:7            Lair (6/6) D:9
  Swamp (0/4) Lair:3       Spider (2/4) Lair:3        Slime (0/5) Lair:6
    Orc (2/2) D:12            Elf (0/3) Orc:2        Vaults (0/5) D:14
 Depths (0/4) D:15          Sewer (visited)         Volcano (visited)
Gauntlet (visited)

Shops:
D:6 *   Orc:1 [   Orc:2 ([(=*

Annotations:
D:4 2 transporters, 1 runed translucent door, Crazy Yiuf; Crownlay's ghost, amateur OpEE
Lair:6 exclusion: oklob plant
Orc:1 2 runed translucent doors, princeOfDonkeys's ghost, journeyman SpFi


Innate Abilities, Weirdness & Mutations

You have an increased reservoir of magic. (+10% MP)
You shall have no god before yourself.
Your divine heritage dramatically boosts your attributes as you level up.


Message History

Unknown command.
Unknown command.
Aiming: Corrosive Bolt
Press: ? - help, Shift-Dir - straight line, f - wolf spider, p - spark wasp
Aim: a wolf spider (74% to hit)
Okay, then.
Aim the phial where?
Press: ? - help, Shift-Dir - straight line, f/p - spark wasp
Aim: a spark wasp (heavily wounded, very poisoned)
The torrent of water hits the spark wasp!
The spark wasp is severely wounded.
The spark wasp is knocked back by the torrent of water.
The wave splashes down.
Splash!
You fall into the shallow water.
Moving in this stuff is going to be slow.
The wolf spider is engulfed in water.
The spark wasp is engulfed in water.
You hear an angry hiss.
You hear a chilling moan.
Unknown command.
Throw: 21 darts (poison)
Press: ? - help, Q - select action, (/) - cycle Shift-Dir - straight line, f/p - spark wasp
Aim: a spark wasp (almost dead, unaffected by silence, very poisoned, waterlogged, 66% to hit)
You throw a poisoned dart. The poisoned dart hits the wolf spider!
The wolf spider is poisoned.
You hear a splash.
The wolf spider splashes around in the water. x2
The spark wasp stings you!! The spark wasp shocks you!
* * * LOW HITPOINT WARNING * * *
Unknown command.
Unknown command.
Aiming: Thunderbolt
Press: ? - help, Shift-Dir - straight line, f/p - spark wasp
Aim: a spark wasp (almost dead, unaffected by silence, very poisoned, waterlogged)
Okay, then.
You block the wolf spider's attack. The wolf spider closely misses you.
Unknown command.
The spark wasp stings you!
* * * LOW HITPOINT WARNING * * *
The spark wasp shocks you!
You die...

#####
#..##..#......##
####.........^.#
#........#.###
##
######..###..###
.#
#.#^#^...##.##
.# #........####
##
##.#.......####
####.#.......###
###..@y.....##
####s.(≈≈≈.# .##
####≈≈≈## ....
#≈≈≈.## s....
#≈≈≈.^#
#..(##.....#
#^.^.(.....#
##.........#
##........#


You could see a spark wasp (unsilenced, very poisoned, waterlogged) and a wolf
spider (very poisoned, waterlogged).

Vanquished Creatures
  Saint Roka (Orc:2)
  An orc warlord (Orc:1)
  A stone giant (D:15)
  3 entropy weavers
  A minotaur (Gauntlet)
  4 vault guards (D:14)
  Harold (D:7)
  7 hydras
  Erolcha (D:9)
  5 centaur warriors
  An ogre mage (Volcano)
  A jorogumo (Spider:2)
  4 boulder beetles
  7 catoblepae
  9 two-headed ogres
  13 death yaks
  A tengu warrior (D:12)
  An orc high priest (Orc:2)
  A hell knight (Volcano)
  Nergalle (D:11)
  4 pharaoh ants
  2 orb spiders
  2 steelbarb worms
  A wizard (D:14)
  A deep elf pyromancer (D:13)
  A lindwurm (Lair:5)
  11 ugly things (D:14)
  7 wolf spiders
  3 orc knights
  3 orc sorcerers
  7 cyclopes
  3 manticores
  6 black mambas
  A salamander (shapeshifter) (D:14)
  A moth of wrath (Spider:2)
  4 elephants
  A guardian serpent (shapeshifter) (D:13)
  2 torpor snails
  Joseph (D:7)
  8 cane toads
  2 molten gargoyles (Volcano)
  3 gargoyles
  An unseen horror (D:13)
  2 freezing wraiths
  2 demonic crawlers (Spider:1)
  A kobold demonologist (D:11)
  15 komodo dragons
  A yaktaur (D:14)
  A tengu conjurer (D:14)
  9 meliai
  3 trolls
  A polar bear (Lair:5)
  Grinder (D:3)
  9 tarantellas
  Prince Ribbit (D:9)
  17 slime creatures
  14 dream sheep
  13 blink frogs
  10 jumping spiders
  9 culicivoras
  4 wraiths
  43 yaks
  2 vampires
  6 shadows
  5 basilisks
  4 small abominations (Gauntlet)
  5 fire bats (Volcano)
  6 wyverns
  4 vampire mosquitoes
  A large abomination (Gauntlet)
  12 redbacks
  2 two-headed ogre zombies (D:12)
  3 wargs (Orc:2)
  Edmund (D:4)
  An acid dragon (D:13)
  10 water moccasins
  2 black bears
  36 orc warriors
  A necrophage (D:4)
  5 wolves (Lair:4)
  8 ogres
  12 centaurs
  3 phantoms
  4 kobold brigands
  3 gnoll sergeants
  12 bullfrogs
  A scorpion (D:5)
  A troll zombie (D:12)
  2 water moccasin skeletons (D:5)
  A killer bee (D:7)
  12 wights
  4 howler monkeys
  2 electric eels (D:11)
  6 lava snakes (Volcano)
  9 centaur zombies
  5 hounds
  2 jellies
  21 orc priests
  Ijyb (D:4)
  2 bullfrog skeletons
  A centaur skeleton (D:5)
  Jessica (D:2)
  An iguana (D:5)
  Natasha (twice) (D:3)
  27 orc wizards
  3 killer bee zombies
  5 ogre zombies (D:12)
  2 hound skeletons
  14 gnolls
  2 howler monkey skeletons (D:7)
  6 adders
  A shadow imp (D:7)
  A white imp (D:8)
  An ufetubus (D:4)
  An adder skeleton (D:4)
  3 worms
  A dart slug (D:4)
  114 orcs
  11 ball pythons
  16 endoplasms
  9 giant cockroaches
  5 goblins
  4 hobgoblins
  4 jackals (D:4)
  18 kobolds
  4 quokkas
  6 bats
  6 frilled lizards
  A goblin skeleton (D:12)
  2 goblin zombies (D:12)
  A hobgoblin skeleton (D:12)
  2 hobgoblin zombies (D:12)
  An orc skeleton (D:12)
  18 orc zombies (D:12)
  9 rats
815 creatures vanquished.

Vanquished Creatures (others)
  A redback (Spider:2)
  An orc wizard (Orc:2)
  37 fungi
  56 plants
95 creatures vanquished.

Grand Total: 910 creatures vanquished

Notes
Turn   | Place    | Note
-------+----------+-------------------------------------------
     0 | D:1      | Hasart the Demigod Fighter began the quest for the Orb.
     0 | D:1      | Reached XP level 1. HP: 18/18 MP: 3/3
    60 | D:1      | Reached skill level 2 in Long Blades
   639 | D:1      | Reached XP level 2. HP: 24/25 MP: 4/4
  1023 | D:2      | Reached XP level 3. HP: 26/30 MP: 5/5
  1029 | D:2      | Reached skill level 1 in Dodging
  1602 | D:2      | Noticed Jessica
  1606 | D:2      | Killed Jessica
  1607 | D:2      | Reached XP level 4. HP: 38/38 MP: 6/6
  2316 | D:3      | Noticed Grinder
  2615 | D:3      | Paralysed by Grinder for 2 turns
  2628 | D:3      | Killed Grinder
  2629 | D:3      | Reached skill level 3 in Long Blades
  2629 | D:3      | Reached XP level 5. HP: 28/45 MP: 7/7
  2629 | D:3      | Reached XP level 6. HP: 32/51 MP: 8/8
  2773 | D:3      | Noticed Natasha
  2798 | D:3      | Killed Natasha
  3095 | D:3      | Noticed Natasha
  3105 | D:3      | Killed Natasha
  3562 | D:3      | Reached skill level 4 in Long Blades
  3592 | D:4      | Found a transporter.
  3609 | D:4      | Noticed Crownlay's ghost (amateur OpEE)
  3611 | D:4      | Found a transporter.
  3801 | D:4      | Found a glowing drain.
  3854 | D:4      | Reached skill level 1 in Throwing
  3856 | D:4      | Reached skill level 1 in Evocations
  3863 | Sewer    | Entered a sewer
  4095 | Sewer    | Reached XP level 7. HP: 58/58 MP: 9/9
  4429 | D:4      | Noticed Edmund
  4477 | D:4      | Killed Edmund
  5006 | D:4      | Noticed Ijyb
  5238 | D:4      | Killed Ijyb
  5441 | D:4      | Found a runed translucent door.
  5442 | D:4      | Noticed Crazy Yiuf
  5479 | D:5      | Entered Level 5 of the Dungeon
  6225 | D:5      | Reached skill level 5 in Long Blades
  6238 | D:5      | Noticed a wyvern
  6248 | D:5      | Killed a wyvern
  6249 | D:5      | Reached XP level 8. HP: 61/66 MP: 10/10
  7040 | D:6      | Found Gozag's Platinum Reserve.
  7545 | D:6      | Identified the +0 helmet "Cimey" {rN+ Int+4}
  7976 | D:7      | Noticed Joseph
  8575 | D:7      | Reached skill level 6 in Long Blades
  8597 | D:7      | Found a staircase to the Ecumenical Temple.
  8669 | D:7      | Noticed a two-headed ogre
  8707 | D:7      | Killed a two-headed ogre
  8708 | D:7      | Reached skill level 5 in Fighting
  8708 | D:7      | Reached skill level 5 in Armour
  8708 | D:7      | Reached skill level 5 in Shields
  8708 | D:7      | Reached XP level 9. HP: 61/74 MP: 11/11
  8898 | D:7      | Noticed Harold
 10177 | D:9      | Noticed Prince Ribbit
 10192 | D:9      | Killed Prince Ribbit
 10193 | D:9      | Reached skill level 7 in Long Blades
 10263 | D:9      | Noticed Erolcha
 10279 | D:9      | Killed Erolcha
 10636 | D:9      | Found a staircase to the Lair.
 10674 | D:9      | Reached XP level 10. HP: 24/81 MP: 13/13
 11312 | D:9      | You fall into a shaft and drop 2 floors!
 11496 | D:11     | Noticed Nergalle
 11509 | D:11     | Killed Nergalle
 11510 | D:11     | Reached skill level 5 in Dodging
 11797 | D:11     | Noticed a two-headed ogre
 11844 | D:11     | Killed a two-headed ogre
 11845 | D:11     | Reached skill level 8 in Long Blades
 11942 | D:10     | Entered Level 10 of the Dungeon
 12706 | D:10     | Learned a level 2 spell: Wereblood
 14043 | D:10     | Identified a scroll of acquirement
 14043 | D:10     | Acquired the +1 hat of Linacleh {Will+ rCorr Slay+4}
 14145 | D:11     | Noticed a cyclops
 14273 | D:7      | Reached skill level 5 in Evocations
 14353 | Lair:1   | Entered Level 1 of the Lair of Beasts
 14463 | Lair:1   | Reached skill level 5 in Throwing
 14672 | Lair:1   | Noticed a black mamba
 14687 | Lair:1   | Killed a black mamba
 14688 | Lair:1   | Reached XP level 11. HP: 60/91 MP: 14/14
 15470 | Lair:1   | Reached skill level 9 in Long Blades
 18169 | Lair:2   | Noticed a five-headed hydra
 18176 | Lair:2   | Killed a five-headed hydra
 18177 | Lair:2   | Reached skill level 10 in Long Blades
 18177 | Lair:2   | Reached XP level 12. HP: 98/100 MP: 15/15
 18766 | Lair:3   | Noticed an eight-headed hydra
 18791 | Lair:3   | Killed an eight-headed hydra
 19309 | Lair:3   | Found a staircase to the Swamp.
 19344 | Lair:3   | Noticed a seven-headed hydra
 19352 | Lair:3   | Killed a seven-headed hydra
 19384 | Lair:3   | Found a hole to the Spider Nest.
 19517 | Lair:3   | Identified the +1 pair of gloves of Forking Paths {rF+ rC+}
 19601 | Lair:4   | Found a gate leading to a gauntlet.
 19621 | Gauntlet | Entered a Gauntlet
 19621 | Gauntlet | Found a transporter.
 19621 | Gauntlet | Found a runed translucent gate.
 19621 | Gauntlet | Found a runed translucent gate.
 19621 | Gauntlet | Found a runed translucent gate.
 19624 | Gauntlet | Found a transporter.
 19626 | Gauntlet | Found a transporter.
 19641 | Gauntlet | Found a transporter.
 19643 | Gauntlet | Found a transporter.
 19655 | Gauntlet | Found a transporter.
 19669 | Gauntlet | Found a transporter.
 19678 | Gauntlet | Noticed a catoblepas
 19679 | Gauntlet | Found a transporter.
 19689 | Gauntlet | Found a transporter.
 19710 | Gauntlet | Found a transporter.
 19711 | Gauntlet | Found a transporter.
 19713 | Gauntlet | Found a transporter.
 19736 | Gauntlet | Found a transporter.
 19744 | Gauntlet | Found a runed translucent door.
 19747 | Gauntlet | Found a transporter.
 19748 | Gauntlet | Found a runed translucent door.
 20011 | Gauntlet | Identified the ring of Pride {Fire Str+5}
 20042 | Gauntlet | Identified the ring of Haxevek {*Slow rPois rF- rC++ Dex+6
                  | SInv}
 20093 | Gauntlet | Identified the +7 glaive "Kokhlaru" {spect, Int+3}
 20093 | Gauntlet | Identified the ring of Yvusch Loemme {rC+ Dex+4}
 20093 | Gauntlet | Noticed a minotaur
 20115 | Gauntlet | Killed a minotaur
 20575 | Lair:4   | You fall into a shaft and drop 2 floors!
 20575 | Lair:6   | Entered Level 6 of the Lair of Beasts
 20590 | Lair:6   | Noticed a seven-headed hydra
 20600 | Lair:6   | Noticed a catoblepas
 20640 | Lair:5   | Noticed a catoblepas
 20642 | Lair:5   | Noticed an eight-headed hydra
 20852 | Lair:5   | Killed an eight-headed hydra
 20880 | Lair:5   | Found a dark tunnel.
 20888 | Volcano  | Entered a volcano
 21171 | Volcano  | Noticed an ogre mage
 21187 | Volcano  | Killed an ogre mage
 21277 | Volcano  | Reached skill level 11 in Long Blades
 21863 | Lair:5   | Reached XP level 13. HP: 97/107 MP: 16/16
 23619 | Lair:6   | Found a staircase to the Slime Pits.
 23994 | Lair:5   | Reached skill level 1 in Transmutations
 24105 | Lair:5   | Reached skill level 1 in Spellcasting
 24630 | Lair:6   | Reached skill level 12 in Long Blades
 25106 | Lair:6   | Reached XP level 14. HP: 50/116 MP: 20/20
 25315 | Lair:6   | Identified the +5 scale mail of Twilight {rC+ MP+9}
 25995 | D:7      | Killed Joseph
 26088 | D:7      | Killed Harold
 27549 | D:12     | Found a staircase to the Orcish Mines.
 28037 | D:12     | Found the +18 Lear's hauberk
 28172 | Orc:1    | Entered Level 1 of the Orcish Mines
 28484 | Orc:1    | Found a large runed translucent door.
 28490 | Orc:1    | Found a large runed translucent door.
 28491 | Orc:1    | Noticed princeOfDonkeys's ghost (journeyman SpFi)
 28711 | Orc:2    | Entered Level 2 of the Orcish Mines
 29046 | Orc:1    | Found Qiec's Antique Armour Boutique.
 29206 | Orc:2    | Found a staircase to the Elven Halls.
 29272 | Orc:2    | Found Dafiopti's Antique Weapon Emporium.
 29341 | Orc:2    | Noticed an orc warlord
 29583 | Orc:1    | Killed an orc warlord
 29720 | Orc:2    | Found Qyxa's Jewellery Boutique.
 29759 | Orc:2    | Bought a ring of see invisible for 180 gold pieces
 29818 | Orc:2    | Found Seucw's General Store.
 30288 | Orc:2    | Noticed Saint Roka
 30540 | Orc:2    | Killed Saint Roka
 30693 | Orc:2    | Found Foummuv's Antique Armour Shop.
 30704 | Orc:2    | Found Gise's Antique Weapon Boutique.
 30711 | Orc:2    | Bought a tower shield for 130 gold pieces
 30723 | Orc:2    | Bought a fading plate armour for 812 gold pieces
 30723 | Orc:2    | Identified the +0 plate armour "Noss" {Rampage *Corrode
                  | Int+3 Slay+4} (You bought it in a shop on level 2 of the
                  | Orcish Mines)
 32279 | D:15     | Entered Level 15 of the Dungeon
 32356 | D:14     | Reached skill level 13 in Long Blades
 32776 | D:14     | Reached XP level 15. HP: 86/125 MP: 24/24
 33161 | D:14     | Found a gate to the Vaults.
 33725 | D:15     | Found a staircase to the Depths.
 34675 | Spider:1 | Entered Level 1 of the Spider Nest
 36460 | Spider:2 | Reached skill level 10 in Shields
 36807 | Spider:2 | Reached skill level 10 in Armour
 37279 | Spider:2 | Reached skill level 10 in Fighting
 37570 | Spider:2 | Slain by a spark wasp

Illustrated notes

Levels and vault maps discovered:
D:1:      scummos_arrival_hexagon, layout_basic,
          hellmonk_ecumenical_altar_blasted, hangedman_abyss_or_decor_stabs,
          minmay_misc_feat_square
D:2:      layout_basic, uniq_jessica
D:3:      layout_basic, lemuel_tele_altar, grunt_ministairs_7, uniq_natasha,
          uniq_grinder
D:4:      layout_loops_ring, mainiacjoe_overflow_24_doors,
          gammafunk_ghost_smash, gup_sewer_entry_glass, hex_medium, uniq_edmund,
          uniq_crazy_yiuf_cottage, uniq_ijyb
D:5:      layout_basic, st_stairs_14
D:6:      layout_cave_pools, nicolae_gozag_zags_fifth_avenue
D:7:      minmay_inner_zag, layout_rooms, minmay_temple_entry_wispy,
          uniq_joseph, uniq_harold
D:8:      layout_cave_pools, mainiacjoe_overflow_catwalk, old_standard_altar,
          lemuel_flame_loot_1
D:9:      layout_loops_cross, mainiacjoe_overflow_alcove_2, david_lair_generic,
          uniq_prince_ribbit1, uniq_erolcha
D:10:     layout_loops_corners, lemuel_crystal_altar,
          mainiacjoe_overflow_small_starburst, serial_glass, glass_columns_c,
          glass_columns_c, glass_columns_b, glass_columns_a, glass_columns_a
D:11:     layout_stronghold, water_maze_lemuel, uniq_nergalle
D:12:     layout_cave_pools, zombieorc2_lemuel, hellmonk_guarded_unrand_lears
D:13:     layout_rooms, hangedman_decor_lopped
D:14:     layout_long_grid, grunt_vaults_entry_fortified
D:15:     grunt_enter_depths_giant_problem, layout_basic, grunt_dithmenos_smoke,
          serial_bayou_pond_c
Lair:1:   hellmonk_ruined_rings, layout_cellular_growth
Lair:2:   layout_cave_pods, st_stairs_13, chequers_serial_rivers_small_b,
          columned_hall_lemuel
Lair:3:   layout_gridlike, swamp_mist, spider_nest_entry_web_field,
          lemuel_fruit_fields
Lair:4:   layout_regular_city, gauntlet_entry_generic
Lair:5:   layout_long_grid, lightli_volcano_entry_magma_tube
Lair:6:   evilmike_catoblepas_cave, layout_cave_pods, slime_altar_1,
          minmay_lair_oklob_bushes, grunt_megastairs_5
Spider:1: layout_chambers
Spider:2: spiders_nest_scorpion_pit
Orc:1:    layout_caves, serial_shops, nicolae_lakefront_shop,
          ebering_ghost_disaster_area, basic_altar
Orc:2:    grunt_orc_community_town_hall, layout_diamond_mine,
          grunt_orc_community_big_house_1, grunt_orc_community_big_house_2,
          grunt_orc_community_house_2, grunt_orc_community_house_3,
          grunt_orc_community_house_3, grunt_orc_community_house_3,
          serial_shops, nicolae_diamond_shop

Skill      XL: |  1  2  3  4  5  6  7  8  9 10 11 12 13 14 15 |
---------------+----------------------------------------------+-----
Long Blades    | 2 3 4 5 6 7 8 10 11 12 13 | 13.6
Fighting       | 3 4 5 6 7 8 9 10 | 10.0
Armour         | 3 4 5 6 7 8 9 10 | 10.0
Dodging        | 1 2 3 4 5 6 7 8 9 |  9.5
Shields        | 3 4 5 6 7 8 9 10 | 10.1
Throwing       | 1 2 3 4 5 6 7 8 9 |  9.2
Evocations     | 1 2 3 4 5 6 7 8 9 |  9.2
Transmutations | 2 4 |  4.9
Spellcasting   | 1 3 4 |  4.6

Action                   |  1- 3 |  4- 6 |  7- 9 | 10-12 | 13-15 || total
-------------------------+-------+-------+-------+-------+-------++-------
Melee: Long sword        |    90 |   215 |   538 |   842 |  2132 ||  3817
       Unarmed           |       |       |    10 |       |       ||    10
Throw: Dart              |       |       |    33 |    17 |   214 ||   264
       Javelin           |       |       |    14 |    40 |    38 ||    92
       Throwing net      |       |       |     1 |       |       ||     1
Evoke: Wand              |       |       |    16 |     9 |    11 ||    36
       Phial of floods   |       |       |       |       |     2 ||     2
       Condenser vane    |       |       |       |       |     1 ||     1
  Use: Potion            |       |     1 |     1 |       |     3 ||     5
       Scroll            |       |       |    14 |    13 |     9 ||    36
 Stab: Held in net/web   |       |       |     1 |       |       ||     1
       Petrifying        |       |       |       |       |     2 ||     2
Armor: Scale mail        |    39 |    70 |    20 |       |       ||   129
       Plate armour      |       |       |   382 |   342 |  1034 ||  1758
       Skin              |       |       |     3 |       |       ||     3
Dodge: Dodged            |    37 |   101 |   233 |   345 |  1080 ||  1796
Block: Buckler           |    19 |    73 |   205 |   289 |   666 ||  1252
       Kite shield       |       |       |       |       |   512 ||   512
